 Seeded DCSS version 0.30-a0-715-gdb4ae3ece1 (webtiles) character file.

Game seed: 15946130016296380908 (custom seed)

16741 Pooter the Grappler (level 12, -3/111 HPs)
             Began as a Troll Monk on Jan 23, 2023.
             Was an Elder of Okawaru.
             Slain by a cane toad (25 damage)
             ... on level 2 of the Lair of Beasts.
             The game lasted 01:12:46 (10826 turns).

Pooter the Grappler (Troll Monk)                   Turns: 10826, Time: 01:12:47

Health: -3/111     AC:  9    Str: 35    XL:     12   Next: 12%
Magic:  13/15      EV: 12    Int:  6    God:    Okawaru [****..]
Gold:   867        SH:  0    Dex: 12    Spells: 10/11 levels left

rFire   . . .      SeeInvis .      - Unarmed
rCold   . . .      Faith    .    (no shield)
rNeg    + . .      Spirit   .    a - +0 robe
rPois   .          Reflect  .    J - +2 hat {Will+}
rElec   .          Harm     +    u - +2 cloak
rCorr   .          Rampage  .    (gloves unavailable)
Will    ++...                    (boots unavailable)
Stlth   +++                      F - amulet "Soebets" {Acrobat Harm rN+ Str+3}
HPRegen 1.18/turn                y - +6 ring of strength
MPRegen 0.14/turn                j - ring of willpower

@: lethally poisoned (-3 -> -14), heroic
A: large, unfitting armour, claws 3, regeneration 1, shaggy fur 1, tough skin 1
a: Renounce Religion, Heroism, Finesse


You were on level 2 of the Lair of Beasts.
You worshipped Okawaru.
Okawaru was greatly pleased with you.
You visited 3 branches of the dungeon, and saw 15 of its levels.

You collected 867 gold pieces.

Inventory:

Hand Weapons
 b - a +1 shortbow
   (You took it off a centaur on level 9 of the Dungeon)
 i - a +3 trident of freezing
   (You took it off a wight on level 9 of the Dungeon)
 r - a +3 war axe of electrocution
   (You took it off an orc on level 8 of the Dungeon)
 C - a +2 hand axe of flaming
   (You took it off an orc on level 8 of the Dungeon)
 V - a +0 dire flail of protection
   (You found it on level 7 of the Dungeon)
Missiles
 g - 8 javelins
 h - 5 atropa-tipped darts
 l - 10 poisoned darts
 o - 2 large rocks
 q - 3 boomerangs (quivered)
 L - 3 throwing nets {!f}
 Q - 107 stones
 U - 3 curare-tipped darts
 W - 4 silver javelins
Armour
 a - a +0 robe (worn)
 c - a scarf of shadows
   (You found it on level 1 of the Dungeon)
 u - a +2 cloak (worn)
   (You found it on level 3 of the Dungeon)
 J - a +2 hat of willpower (worn)
   (You took it off Gastronok on level 1 of the Lair of Beasts)
Jewellery
 j - a ring of willpower (right claw)
   (You found it on level 2 of the Dungeon)
 p - an amulet of reflection
   (You took it off a goblin on level 2 of the Dungeon)
 s - the ring of Baxaucuzi {rN+ AC+4 Int+3 Dex+2 Stlth+}
   (You acquired it on level 2 of the Lair of Beasts)

   [ring of protection]

   AC:        It affects your AC (+4).
   Int:       It affects your intelligence (+3).
   Dex:       It affects your dexterity (+2).
   rN:        It protects you from negative energy.
   Stlth:     It makes you more stealthy.
 y - a +6 ring of strength (left claw)
   (You found it on level 3 of the Dungeon)
 A - a ring of fire
   (You found it on level 4 of the Dungeon)
 F - the amulet "Soebets" (around neck) {Acrobat Harm rN+ Str+3}
   (You found it on level 5 of the Dungeon)

   [amulet of the acrobat]

   It increases your evasion while moving and waiting.
   Str:       It affects your strength (+3).
   rN:        It protects you from negative energy.
   Harm:      It increases damage dealt and taken.
 P - a ring of poison resistance
   (You found it on level 3 of the Dungeon)
 S - a ring of see invisible
   (You found it on level 1 of the Dungeon)
 T - a ring of magical power
   (You found it on level 8 of the Dungeon)
Wands
 d - a wand of iceblast (16)
   (You found it on level 2 of the Dungeon)
 f - a wand of flame (20)
   (You found it on level 5 of the Dungeon)
 z - a wand of polymorph (4)
   (You found it on level 2 of the Lair of Beasts)
 H - a wand of quicksilver (1)
   (You took it off Sigmund on level 5 of the Dungeon)
 R - a wand of mindburst (6)
   (You found it on level 3 of the Lair of Beasts)
Scrolls
 e - 6 scrolls of vulnerability {!r}
 k - 3 scrolls of fog
 n - a scroll of enchant armour
 t - 6 scrolls of teleportation {@r4}
 w - a scroll of immolation {!r}
 B - 2 scrolls of enchant weapon
 D - a scroll of blinking
 G - a scroll of silence
 K - 2 scrolls of magic mapping
Potions
 m - 3 potions of flight
 v - a potion of attraction {unknown}
 x - 4 potions of curing {@q1}
 E - a potion of resistance
 I - a potion of cancellation {unknown}
 M - a potion of mutation {unknown}
 N - 2 potions of heal wounds {@q2}
 O - 2 potions of might
 X - a potion of brilliance {unknown}
 Y - a potion of haste {unknown}
 Z - a potion of lignification {unknown}


   Skills:
 + Level 5.5(10.5) Fighting
 + Level 4.9(9.9) Ranged Weapons
 + Level 7.3(12.3) Throwing
 - Level 2.4(7.4) Dodging
 - Level 1.0(6.0) Stealth
 * Level 13.8(18.8) Unarmed Combat
 + Level 3.7 Transmutations
 * Level 5.7 Invocations
 - Level 4.2 Evocations


You had 10 spell levels left.
You knew the following spells:

 Your Spells              Type           Power      Damage    Failure   Level
a - Beastly Appendage     Tmut           8%         N/A       11%         1

Your spell library contained the following spells:

 Spells                   Type           Power      Damage    Failure   Level
 Wereblood                Tmut           4%         N/A       17%         2
 Passwall                 Tmut/Erth      1%         N/A       34%         2
 Magic Dart               Conj           0%         1d3       45%         1
 Sandblast                Erth           0%         2d4       45%         1
 Spider Form              Tmut/Pois      2%         N/A       56%         3
 Cigotuvi's Dreadful Rot  Necr/Pois/Air  0%         N/A       58%         2
 Searing Ray              Conj           0%         2d4       58%         2
 Dazzling Flash           Conj/Hex       0%         N/A       83%         3
 Stone Arrow              Conj/Erth      0%         3d7       83%         3
 Vhi's Electric Charge    Tloc/Air       0%         N/A       83%         3
 Anguish                  Hex/Necr       0%         N/A       99%         4
 Dispel Undead            Necr           0%         3d6       99%         4
 Fulminant Prism          Conj/Hex       0%         3d5       99%         4
 Passage of Golubria      Tloc           0%         N/A       99%         4
 Agony                    Necr           0%         N/A       100%        5
 Arcjolt                  Conj/Air       0%         1d10      100%        5
 Silence                  Hex/Air        0%         N/A       100%        5
 Yara's Violent Unravell  Hex/Tmut       1%         3d3       100%        5
 Enfeeble                 Hex            0%         N/A       100%        7
 Maxwell's Capacitive Co  Air            0%         ∞         100%        8
 Tukima's Dance           Hex            Unusable   N/A       N/A         3
 Death Channel            Necr           Unusable   N/A       N/A         6

Dungeon Overview and Level Annotations

Branches:
Dungeon (10/15)            Temple (1/1) D:7            Lair (4/5) D:10
 Shoals (0/4) Lair:2        Snake (0/4) Lair:3        Slime (0/5) Lair:4
    Orc: D:9-12

Altars:
Dithmenos
Fedhas
Kikubaaqudgha
Makhleb
Nemelex Xobeh
Okawaru
Qazlal
Trog
Uskayaw
Vehumet
Wu Jian
Xom
The Shining One

Annotations:
D:2 1 runed translucent door, Crazy Yiuf
D:10 3 runed translucent doors, soul19's ghost, novice TrFi


Innate Abilities, Weirdness & Mutations

You are too large for most types of armour.
You have claws for hands.
Your natural rate of healing is unusually fast.
You are covered in fur. (AC +1)
You have tough skin. (AC +1)


Message History

There is a stone staircase leading up here.
You shoot an arrow.
The arrow hits the black bear but does no damage.
The black bear growls angrily.
The cane toad gives a loud, deep croak!
You hear an angry hiss.
A black mamba comes into view.
You shoot an arrow. The arrow hits the black mamba!
You climb upwards.
There is a stone staircase leading down here.
You are now empty-clawed.
Okay, then.
You claw the black mamba! The black mamba closely misses you.
The black mamba bites you but does no damage.
You barely miss the black mamba. The black mamba barely misses you.
You closely miss the black mamba. The black mamba bites you.
The black mamba barely misses you.
You mangle the black mamba!!
You kill the black mamba!
Okawaru accepts your kill.
You start resting.
You climb downwards.
The black mamba bites you! The cane toad barely misses you.
The black mamba barely misses you. The cane toad stings you.
The black bear barely misses you. x2
The black bear closely misses you.
The cane toad stings you but does no damage.
The black mamba barely misses you.
There is a stone staircase leading up, spattered with blood here.
The cane toad stings you!!
You are poisoned.
The cane toad poisons you! The black mamba bites you.
The cane toad closely misses you. The black bear bites you.
The black bear claws you but does no damage. x2
The cane toad stings you!
You are more poisoned.
The cane toad poisons you!
You climb upwards.
You feel extremely sick.
There is a stone staircase leading down here.
You gain the combat prowess of a mighty hero.
You feel very sick. The black mamba closely misses you.
The cane toad stings you!
* * * LOW HITPOINT WARNING * * *
The black bear bites you.
* * * LOW HITPOINT WARNING * * *
The black bear claws you but does no damage.
The black bear claws you.
* * * LOW HITPOINT WARNING * * *
The black mamba bites you but does no damage.
The cane toad stings you!!
You die...

##.......## #
#......#.#
#.......##
##......##
#........#
###......##
#.......##
#.FS.....##
##.@F.....###
##h........#
##.........##
#...........###
###...........###
###...........###
#..............
##.............
####..........


You could see a black mamba, 2 cane toads and a black bear.

Vanquished Creatures
  Gastronok (Lair:1)
  A two-headed ogre (D:10)
  Urug (Lair:2)
  An oklob plant (Lair:1)
  A manticore (Lair:2)
  2 black mambas
  4 elephants (Lair:2)
  7 cane toads
  A kobold demonologist (D:9)
  2 komodo dragons
  A polar bear (Lair:2)
  5 blink frogs (Lair:2)
  A wind drake (Lair:2)
  Sigmund (D:5)
  5 wyverns
  7 yaks
  3 basilisks
  A steam dragon (D:8)
  An acid dragon (D:8)
  5 water moccasins
  4 sky beasts
  An ice beast (D:5)
  3 orc warriors
  3 black bears
  2 centaurs
  5 wolves
  A phantom (D:5)
  A kobold brigand (D:6)
  7 bullfrogs
  A necrophage (D:5)
  4 scorpions
  3 wights (D:9)
  7 killer bees
  8 howler monkeys
  2 jellies
  8 hounds
  5 gnoll boudas
  6 orc priests
  4 iguanas
  11 orc wizards
  17 gnolls
  4 adders
  A white imp (D:7)
  An ufetubus (D:5)
  10 dart slugs
  35 orcs
  5 endoplasms
  6 giant cockroaches
  8 hobgoblins
  12 jackals
  4 quokkas
  5 ball pythons
  6 bats
  2 frilled lizards
  5 goblins
  10 kobolds
  3 rats
271 creatures vanquished.

Vanquished Creatures (others)
  21 plants
21 creatures vanquished.

Grand Total: 292 creatures vanquished

Notes
Turn   | Place    | Note
-------+----------+-------------------------------------------
     0 | D:1      | Pooter the Troll Monk began the quest for the Orb.
     0 | D:1      | Reached XP level 1. HP: 22/22 MP: 0/0
   214 | D:1      | Found a faded altar of an unknown god.
   258 | D:1      | Reached XP level 2. HP: 27/29 MP: 1/1
   790 | D:1      | Reached XP level 3. HP: 36/36 MP: 2/2
   921 | D:2      | Reached skill level 4 in Unarmed Combat
  1071 | D:2      | Found a runed translucent door.
  1072 | D:2      | Noticed Crazy Yiuf
  1180 | D:2      | Reached skill level 5 in Throwing
  1180 | D:2      | Reached skill level 9 in Unarmed Combat
  1180 | D:2      | Reached XP level 4. HP: 44/44 MP: 3/3
  1181 | D:2      | Reached skill level 11 in Unarmed Combat
  1181 | D:2      | Reached XP level 5. HP: 52/52 MP: 4/4
  1861 | D:3      | Reached XP level 6. HP: 59/59 MP: 5/5
  2049 | D:3      | Found a stormy altar of Qazlal.
  2792 | D:4      | Noticed an orc warrior
  2802 | D:4      | Killed an orc warrior
  2812 | D:4      | Reached XP level 7. HP: 64/67 MP: 6/6
  3033 | D:5      | Entered Level 5 of the Dungeon
  3549 | D:5      | Identified the amulet "Soebets" {Acrobat Harm rN+ Str+3}
  3638 | D:5      | Noticed Sigmund
  3750 | D:5      | Killed Sigmund
  3766 | D:5      | Reached XP level 8. HP: 75/75 MP: 7/7
  4267 | D:5      | Learned a level 1 spell: Beastly Appendage
  4910 | D:6      | Reached skill level 12 in Unarmed Combat
  5262 | D:6      | Reached XP level 9. HP: 83/83 MP: 8/8
  5297 | D:6      | Found a sparkling altar of Nemelex Xobeh.
  5707 | D:7      | Reached skill level 1 in Transmutations
  5842 | D:7      | Found a staircase to the Ecumenical Temple.
  5849 | Temple   | Entered the Ecumenical Temple
  5862 | Temple   | Became a worshipper of Warmaster Okawaru
  5862 | Temple   | Reached * piety under Okawaru
  5862 | Temple   | Reached ** piety under Okawaru
  6118 | D:7      | Found an ornate altar of the Wu Jian Council.
  6598 | D:8      | Found an ancient bone altar of Kikubaaqudgha.
  6598 | D:8      | Found a blossoming altar of Fedhas.
  7235 | D:9      | Noticed a kobold demonologist
  7237 | D:9      | Killed a kobold demonologist
  7238 | D:9      | Reached XP level 10. HP: 92/92 MP: 9/9
  7669 | D:9      | Reached skill level 1 in Invocations
  7743 | D:9      | Found a burning altar of Makhleb.
  8118 | D:10     | Entered Level 10 of the Dungeon
  8124 | D:10     | Found a staircase to the Lair.
  8159 | D:10     | Noticed a two-headed ogre
  8163 | D:10     | Killed a two-headed ogre
  8214 | D:10     | Reached *** piety under Okawaru
  8610 | D:10     | Found a runed translucent gate.
  8610 | D:10     | Found a runed translucent gate.
  8610 | D:10     | Found a runed translucent gate.
  8610 | D:10     | Noticed a spectral wolf spider
  8610 | D:10     | Noticed a spectral centaur warrior
  8610 | D:10     | Noticed soul19's ghost (novice TrFi)
  8610 | D:10     | Noticed a spectral centaur warrior
  8947 | Lair:1   | Entered Level 1 of the Lair of Beasts
  8947 | Lair:1   | Noticed an oklob plant
  8955 | Lair:1   | Killed an oklob plant
  8972 | Lair:1   | Noticed Gastronok
  9009 | Lair:1   | Killed Gastronok
  9009 | Lair:1   | Reached **** piety under Okawaru
  9010 | Lair:1   | Reached skill level 13 in Unarmed Combat
  9010 | Lair:1   | Reached XP level 11. HP: 81/101 MP: 8/12
  9774 | Lair:2   | You fall into a shaft and drop 2 floors!
  9847 | Lair:3   | Reached skill level 5 in Fighting
 10104 | Lair:2   | Received a gift from Okawaru
 10111 | Lair:2   | Reached ***** piety under Okawaru
 10123 | Lair:2   | Received a gift from Okawaru
 10208 | Lair:2   | Found a staircase to the Shoals.
 10328 | Lair:2   | Reached skill level 5 in Invocations
 10579 | Lair:2   | Noticed Urug
 10583 | Lair:2   | Killed Urug
 10584 | Lair:2   | Reached XP level 12. HP: 111/111 MP: 7/15
 10604 | Lair:2   | Identified a scroll of acquirement
 10605 | Lair:2   | Acquired the ring of Baxaucuzi {rN+ AC+4 Int+3 Dex+2
                  | Stlth+}
 10826 | Lair:2   | Slain by a cane toad

Illustrated notes

Levels and vault maps discovered:
D:1:      dpeg_arrival_rooms_a, layout_basic, hellmonk_ecumenical_altar_run_dry
D:2:      layout_rooms, uniq_crazy_yiuf_cottage
D:3:      kennysheep_slugbush, layout_rooms, lemuel_tele_altar, minivault_19
D:4:      minmay_skewed_foursquare, layout_loops_ring
D:5:      layout_cave_pods, uniq_sigmund
D:6:      layout_basic, nemelex_xobeh_ov_fountains_minmay, st_stairs_13
D:7:      layout_basic, mainiacjoe_overflow_chevrons,
          minmay_temple_entry_statues_pillars
D:8:      layout_gridville, grunt_temple_overflow_growth_and_decay,
          serial_bayou_pond_e
D:9:      layout_basic, lemuel_round_altar
D:10:     layout_roguey, lair_entry_dummy, gammafunk_ghost_necromancy,
          small_chamber_with_monster, minmay_misc_feat_iff
Temple:   eino_temple_rhombus
Lair:1:   layout_chaotic_city, grunt_megastairs_1, uniq_gastronok
Lair:2:   layout_hall_layers, minmay_shoals_entry_beasts, uniq_urug
Lair:3:   layout_regular_city, nicolae_snake_entry_warm_welcome, st_stairs_11,
          lemuel_old_faithful, lemuel_fruit_tree, uniq_snorg, uniq_amaemon
Lair:4:   layout_cave_pods, slime_entry_1, chequers_serial_rivers_room_b

Skill      XL: |  1  2  3  4  5  6  7  8  9 10 11 |
---------------+----------------------------------+-----
Unarmed Combat | 9 11 12 13 | 13.8
Throwing       | 5 6 7 |  7.3
Ranged Weapons | 2 3 4 |  4.9
Evocations     | 3 4 |  4.2
Fighting       | 3 4 5 |  5.5
Transmutations | 1 2 3 |  3.7
Invocations    | 3 5 |  5.7
Dodging        | |  2.4
Stealth        | |  1.0

Action                     |  1- 3 |  4- 6 |  7- 9 | 10-12 || total
---------------------------+-------+-------+-------+-------++-------
  Melee: Unarmed           |    56 |    57 |   161 |   180 ||   454
         Short sword       |     8 |       |       |       ||     8
         Punch             |       |     1 |     8 |    12 ||    21
   Fire: Sling             |    33 |    89 |   164 |    11 ||   297
         Shortbow          |       |       |       |    64 ||    64
  Throw: Dart              |       |     4 |     8 |     6 ||    18
         Stone             |       |       |     4 |       ||     4
         Boomerang         |       |       |     4 |    14 ||    18
         Large rock        |       |       |       |     2 ||     2
         Throwing net      |       |       |       |     1 ||     1
 Invoke: Heroism           |       |       |     5 |    19 ||    24
         Finesse           |       |       |       |     4 ||     4
  Evoke: Wand              |       |       |     4 |    13 ||    17
    Use: Potion            |     3 |     1 |       |       ||     4
         Scroll            |     7 |     1 |     5 |     9 ||    22
   Stab: Sleeping          |     1 |       |       |     1 ||     2
         Distracted        |     1 |       |       |       ||     1
 Armour: Robe              |    34 |    19 |    51 |    48 ||   152
  Dodge: Dodged            |    49 |    32 |   102 |    93 ||   276
  Block: Other             |       |    16 |     1 |       ||    17
         Reflection        |       |     5 |       |       ||     5

Table legend: (Time is in decaauts)
 A = Elapsed time spent in this place.
 B = Non-inter-level travel time spent in this place.
 C = Inter-level travel time spent in this place.
 D = Time resting spent in this place.
 E = Time spent auto-exploring this place.
 F = Levels seen in this place.
 G = Mean time per level.
                   A        B        C        D        E       F      G
               +--------+--------+--------+--------+--------+-----+--------+
         Total |  10697 |  10341 |    356 |   1624 |   6628 |  15 |  713.1 |
       Dungeon |   8914 |   8636 |    278 |   1408 |   5612 |  10 |  891.4 |
        Temple |     24 |     14 |     10 |      0 |      3 |   1 |   24.0 |
          Lair |   1758 |   1690 |     68 |    216 |   1013 |   4 |  439.5 |
               +--------+--------+--------+--------+--------+-----+--------+

Top non-repeatable levels by time:
     D:5: 1370 daAuts
     D:6: 1032 daAuts
     D:8: 998 daAuts
     D:9: 929 daAuts
     D:4: 884 daAuts
    D:10: 880 daAuts
  Lair:2: 830 daAuts
     D:1: 792 daAuts
     D:3: 764 daAuts
  Lair:1: 757 daAuts
     D:2: 689 daAuts
     D:7: 573 daAuts
  Lair:3: 123 daAuts
  Lair:4: 47 daAuts
  Temple: 24 daAuts
